 Dungeon Crawl Stone Soup version 0.23-a0-451-g1044d4c (webtiles) character file.

33 Lavandula the Gusty (level 3, -3/28 HPs)
             Began as a Naga Air Elementalist on Nov 22, 2018.
             Slain by Pikel
             ... wielding a +0 whip of freezing
              (6 damage)
             ... on level 4 of the Dungeon.
             The game lasted 00:03:42 (638 turns).

Lavandula the Gusty (Naga Air Elementalist)          Turns: 638, Time: 00:03:43

Health: -3/28      AC:  2    Str: 10    XL:     3   Next: 29%
Magic:  2/7        EV: 10    Int: 16    God:
Gold:   121        SH:  0    Dex: 11    Spells: 5/8 levels left

rFire    . . .     SeeInvis +   f - +0 dagger
rCold    . . .     Gourm    .   (no shield)
rNeg     . . .     Faith    .   a - +0 robe
rPois    +         Spirit   .   (no helmet)
rElec    .         Reflect  .   (no cloak)
rCorr    .         Harm     .   (no gloves)
MR       .....                  (no barding)
Stlth    ++........             (no amulet)
HPRegen  0.09/turn              (no ring)
MPRegen  0.10/turn              (no ring)

@: very slow
A: large, see invisible, deformed body, poison resistance, slowness 2, slow
metabolism 1, spit poison 1, AC +1
a: Spit Poison


You were on level 4 of the Dungeon.
You were not hungry.

You visited 1 branch of the dungeon, and saw 4 of its levels.

You collected 121 gold pieces.

Inventory:

Hand Weapons
 f - a +0 dagger (weapon)
Armour
 a - a +0 robe (worn)
Scrolls
 e - 2 scrolls of remove curse
 g - a scroll of immolation
 h - a scroll of magic mapping {unknown}
 i - a scroll of identify
Comestibles
 c - 4 rations


   Skills:
 - Level 1.5 Dodging
 - Level 3.0 Stealth
 - Level 3.0 Spellcasting
 - Level 1.0 Conjurations
 + Level 3.5 Air Magic


You had 5 spell levels left.
You knew the following spells:

 Your Spells              Type           Power        Failure   Level  Hunger
a - Shock                 Conj/Air       #...         8%          1    #......
b - Swiftness             Chrm/Air       #.......     14%         2    ##.....

Your spell library contained the following spells:

 Spells                   Type           Power        Failure   Level  Hunger
 Static Discharge         Conj/Air       #.......     22%         3    ###....
 Airstrike                Air            ##........   41%         4    #####..
 Lightning Bolt           Conj/Air       #.........   90%         5    ######.


Dungeon Overview and Level Annotations

Branches:
Dungeon (4/15)
 Temple: D:4-7

Altars:

Annotations:
D:4 Pikel


Innate Abilities, Weirdness & Mutations

You cannot wear boots.
Your serpentine skin is tough. (AC +1)
You have supernaturally acute eyesight. (SInv)
Armour fits poorly on your strangely shaped body.
Your system is resistant to poisons. (rPois)
You cover ground very slowly.
You have a slow metabolism.
You can spit poison.


Message History

Okay, then.
It was a potion of curing.
You feel better.
You aren't carrying any potions.
Unknown command.
As you read the scroll labeled YRIOZA DAUTAON, it crumbles to dust.
You feel blessed for a moment.
It was a scroll of remove curse.
As you read the scroll labeled ATWURGH ZIOFIAJ, it crumbles to dust.
It is a scroll of identify.
g - a scroll of immolation Pikel hits you with a +0 whip of freezing!
* * * LOW HITPOINT WARNING * * *
Pikel freezes you.
* * * LOW HITPOINT WARNING * * *
Unknown command.
Okay, then.
As you read the scroll labeled NYONISKAI, it crumbles to dust.
It is a scroll of amnesia.
Okay, then.
Pikel hits you with a +0 whip of freezing.
You die...

..# .?# ..# #p# #p# #p# #.#
######.########################
............ppK@.........>......
###.###.#....p##################
#.#.....# #.#.....# #.#######
#.# #.# #.


You could see Pikel and 3 slaves.

Vanquished Creatures
  An adder (D:3)
  A worm (D:3)
  2 giant cockroaches
  A goblin (D:3)
  6 hobgoblins
  A quokka (D:2)
  A ball python (D:3)
  3 bats
  A frilled lizard (D:2)
  2 kobolds
  A rat (D:2)
20 creatures vanquished.

Notes
Turn   | Place    | Note
-------+----------+-------------------------------------------
     0 | D:1      | Lavandula the Naga Air Elementalist began the quest for the
                  | Orb.
     0 | D:1      | Reached XP level 1. HP: 15/15 MP: 3/3
   131 | D:2      | Reached XP level 2. HP: 22/22 MP: 5/5
   222 | D:3      | Learned a level 2 spell: Swiftness
   434 | D:3      | Reached XP level 3. HP: 28/28 MP: 5/7
   440 | D:4      | Noticed Pikel
   441 | D:4      | Noticed a slave
   441 | D:4      | Noticed a slave
   442 | D:4      | Noticed a slave
   443 | D:4      | Noticed a slave
   638 | D:4      | Slain by Pikel

Vault maps used:
D:1:      lightli_arrival_boilingwater
D:2:      lemuel_crystal_altar, tgw_fedhas, uniq_terence
D:3:      first_ration
D:4:      ebering_ghost_sewer_f, corexii_leaking_fountain, uniq_pikel,
          uniq_crazy_yiuf_cottage, uniq_edmund, uniq_grinder, uniq_menkaure

Skill      XL: |  1  2 |
---------------+-------+-----
Spellcasting   | 3 |  3.0
Dodging        | |  1.5
Stealth        | |  3.0
Conjurations   | |  1.0
Air Magic      | |  3.5

Action                   || total
-------------------------++-------
Melee: Unarmed           ||     4
       Dagger            ||     1
 Cast: Shock             ||    33
 Abil: Spit Poison       ||    18
  Use: Scroll            ||     3
       Potion            ||     1
Armor: Robe              ||     3
Dodge: Dodged            ||    12

Table legend:
 A = Non-vault XP
 B = Vault XP
 C = Vault XP percentage of total XP
 D = Non-vault monster count
 E = Vault monster count
 F = Vault count percentage of total count
                 A         B        C        D         E       F
            +---------+---------+-------+---------+---------+-------
      Total |      48 |       0 |   0.0 |      20 |       0 |   0.0
            +---------+---------+-------+---------+---------+-------
        D:1 |       9 |       0 |   0.0 |       5 |       0 |   0.0
        D:2 |      11 |       0 |   0.0 |       7 |       0 |   0.0
        D:3 |      28 |       0 |   0.0 |       8 |       0 |   0.0
            +---------+---------+-------+---------+---------+-------
